 Dungeon Crawl Stone Soup version 0.31-a0-765-g67fe2935dc (webtiles) character file.

Game seed: 6365172229335933190

578 Pixllover the Trooper (level 7, -10/91 HPs)
             Began as a White Draconian Berserker on Sept 16, 2023.
             Was a Priest of Trog.
             Killed by divine providence
             ... invoked by an orc priest
              (12 damage)
             ... on level 7 of the Dungeon.
             The game lasted 00:09:17 (3190 turns).

Pixllover the Trooper (White Draconian Berserker)   Turns: 3190, Time: 00:09:17

Health: -10/91     AC:  6    Str: 21    XL:     7   Next: 13%
Magic:  7/7        EV: 13    Int:  7    God:    Trog [***...]
Gold:   227        SH:  0    Dex: 11    Spells: 6/6 levels left

rFire   . . .        b - +0 war axe
rCold   + . .        (no shield)
rNeg    . . .        (body armour unavailable)
rPois   .            (helmet restricted)
rElec   .            (no cloak)
rCorr   +            (no gloves)
SInv    .            (no boots)
Will    .....        (no amulet) Stlth
                     f - ring of resist corrosion
HPRegen 0.35/turn    (no ring)
MPRegen 0.10/turn

%: no passive effects
@: berserking, very quick
A: breathe frost, AC +6, unfitting armour, cold resistance 1, cold-blooded
a: Breathe Frost, Renounce Religion, Berserk, Trog's Hand


You were on level 7 of the Dungeon.
You worshipped Trog.
Trog was most pleased with you.
You visited 1 branch of the dungeon, and saw 5 of its levels.

You collected 227 gold pieces.

Inventory:

Hand Weapons
 a - a +0 mace
 b - a +0 war axe (weapon)
Missiles
 g - 5 javelins (quivered)
 h - 3 poisoned darts
Armour
 l - a scarf of harm
Jewellery
 f - a ring of resist corrosion (left hand)
Wands
 i - a wand of digging (7)
Scrolls
 k - 3 scrolls of identify
Potions
 d - a potion of berserk rage
 e - a potion of ambrosia {unknown}
 m - a potion of heal wounds {unknown}
 n - a potion of attraction {unknown}


   Skills:
 + Level 5.2 Fighting
 + Level 3.1(4.4) Axes
 + Level 4.9(5.3) Maces & Flails
 + Level 1.1 Throwing
 + Level 4.1 Dodging
 + Level 1.0 Stealth


You had 6 spell levels left.
You didn't know any spells.
Your spell library was empty.

Dungeon Overview and Level Annotations

Branches:
Dungeon (4/15)
 Temple: D:4-7

Altars:
Nemelex Xobeh

Shops:
D:7 :


Innate Abilities, Weirdness & Mutations

You can breathe waves of freezing cold which knock back foes.
Your icy white scales are hard. (AC +6)
You cannot fit into any form of body armour.
Your flesh is cold resistant. (rC+)
You are cold-blooded and may be slowed by cold attacks.


Message History

The orc convulses! x3; The orc priest convulses!
The bullfrog convulses!
The orc barely misses you.
The orc hits you with a +1 short sword of electrocution.
* * * LOW HITPOINT WARNING * * *
The orc attacks as it pursues you! The orc hits you with a +0 mace.
* * * LOW HITPOINT WARNING * * *
You feel better. The orc closely misses you.
The orc priest casts a cantrip, but nothing happens.
The orc attacks as it pursues you! The orc closely misses you.
The orc attacks as it pursues you! The orc hits you with a +0 hand axe.
* * * LOW HITPOINT WARNING * * *
The orc priest attacks as it pursues you!
The orc priest hits you from afar with a +0 glaive.
* * * LOW HITPOINT WARNING * * *
You feel better. The orc completely misses you. The orc closely misses you.
The orc priest misses you.
A red film seems to cover your vision as you go berserk!
You feel yourself moving faster!
You feel mighty! The orc closely misses you. The orc priest barely misses you.
The orc misses you.
You slice the orc!!
You kill the orc!
Trog accepts your kill.
You hit the orc. x2
You kill the orc!
Trog accepts your kill.
The bullfrog hits you but does no damage.
You slash the orc!
You kill the orc!
Trog accepts your kill.
You barely miss the bullfrog.
The orc priest hits you from afar with a +0 glaive!
* * * LOW HITPOINT WARNING * * *
The bullfrog hits you.
* * * LOW HITPOINT WARNING * * *
You barely miss the bullfrog.
The bullfrog is moderately wounded.
The bullfrog misses you.
The orc priest calls down the wrath of Beogh upon you.
Beogh smites you!
You die...

########
#......######### .
..##.∩....#........
.....................
.....................
.....................
......####†.......###
......####@.......#
......).oF))........
.....................
..............#......
.....................
..............#....
..............#....
......#.......# ..
.....##....##..


You could see a bullfrog and an orc priest.

Vanquished Creatures
  A water moccasin (D:7)
  A black bear (D:4)
  A scorpion (D:4)
  A hound (D:4)
  An orc priest (D:4)
  An iguana (D:4)
  2 orc wizards
  3 adders
  4 gnolls (D:4)
  2 worms
  2 dart slugs
  13 orcs
  5 bats
  9 endoplasms
  A giant cockroach (D:1)
  14 goblins
  9 hobgoblins
  3 jackals (D:1)
  5 quokkas
  2 ball pythons
  3 frilled lizards
  4 kobolds
  3 rats
90 creatures vanquished.

Notes
Turn   | Place    | Note
-------+----------+-------------------------------------------
     0 | D:1      | Pixllover the Draconian Berserker began the quest for the
                  | Orb.
     0 | D:1      | Reached XP level 1. HP: 19/19 MP: 1/1
   101 | D:1      | Reached XP level 2. HP: 26/26 MP: 2/2
   475 | D:1      | Reached XP level 3. HP: 20/33 MP: 3/3
   800 | D:2      | Reached ** piety under Trog
  1986 | D:3      | Reached XP level 4. HP: 31/40 MP: 4/4
  2589 | D:4      | Noticed a scorpion
  2601 | D:4      | Killed a scorpion
  2602 | D:4      | Reached skill level 4 in Fighting
  2602 | D:4      | Reached XP level 5. HP: 44/46 MP: 5/5
  2633 | D:4      | Reached *** piety under Trog
  2664 | D:4      | Found a sparkling altar of Nemelex Xobeh.
  2868 | D:4      | Reached skill level 1 in Throwing
  2868 | D:4      | Reached XP level 6. HP: 53/53 MP: 6/6
  2953 | D:4      | Reached skill level 1 in Axes
  2953 | D:4      | Reached skill level 1 in Stealth
  3146 | D:4      | You fall into a shaft and drop 3 floors!
  3146 | D:7      | Found Joapt's Book Shop.
  3154 | D:7      | Noticed a water moccasin
  3170 | D:7      | Killed a water moccasin
  3171 | D:7      | Reached skill level 5 in Fighting
  3171 | D:7      | Your scales start taking on an icy white colour.
  3171 | D:7      | Reached XP level 7. HP: 16/61 MP: 7/7
  3171 | D:7      | Gained mutation: Your flesh is cold resistant. (rC+) [White
                  | Draconian growth]
  3182 | D:7      | HP: 2/61 [orc/+1 short sword of electrocution (2)]
  3189 | D:7      | HP: 2/91 [bullfrog (4)]
  3190 | D:7      | Killed from afar by an orc priest

Illustrated notes

Levels and vault maps discovered:
D:1:      dpeg_arrival_oval, layout_rooms, nrook_loot_triangle,
          minmay_stone_trees_large
D:2:      layout_basic, due_unseen_surprise
D:3:      layout_basic, minmay_goblin_outpost
D:4:      layout_gridville, nemelex_dance_club_becter
D:7:      layout_basic, minmay_temple_entry_hall, serial_shops, shop,
          kb_lookout_dungeons_type

Skill      XL: |  1  2  3  4  5  6  7 |
---------------+----------------------+-----
Dodging        | 3 4 |  4.1
Maces & Flails | 4 |  4.9
Fighting       | 4 5 |  5.2
Throwing       | 1 |  1.1
Axes           | 2 3 |  3.1
Stealth        | 1 |  1.0

Action                     |  1- 3 |  4- 6 |  7- 9 || total
---------------------------+-------+-------+-------++-------
  Melee: Mace              |   124 |    45 |       ||   169
         Tailslap          |    14 |    15 |     1 ||    30
         War axe           |       |    92 |     8 ||   100
  Throw: Dart              |     3 |       |       ||     3
         Javelin           |       |     3 |       ||     3
 Invoke: Berserk           |       |     1 |       ||     1
    Use: Scroll            |     7 |       |     1 ||     8
         Potion            |       |       |     4 ||     4
   Stab: Sleeping          |     1 |       |       ||     1
 Armour: Skin              |   102 |   114 |    15 ||   231
  Dodge: Dodged            |   126 |   137 |    13 ||   276
         Form:             |     1 |       |       ||     1
         Statue            |     1 |       |       ||     1

Table legend: (Time is in decaauts)
 A = Elapsed time spent in this place.
 B = Non-inter-level travel time spent in this place.
 C = Inter-level travel time spent in this place.
 D = Time resting spent in this place.
 E = Time spent auto-exploring this place.
 F = Levels seen in this place.
 G = Mean time per level.
                   A        B        C        D        E       F      G
               +--------+--------+--------+--------+--------+-----+--------+
         Total |   3387 |   3318 |     69 |    596 |   1132 |   5 |  677.4 |
       Dungeon |   3387 |   3318 |     69 |    596 |   1132 |   5 |  677.4 |
               +--------+--------+--------+--------+--------+-----+--------+

Top non-repeatable levels by time:
     D:2: 1218 daAuts
     D:1: 811 daAuts
     D:3: 717 daAuts
     D:4: 592 daAuts
     D:7: 47 daAuts
